 Dungeon Crawl Stone Soup version 0.27-a0-74-gebd156f8b4 (webtiles) character file.

Game seed: 10646466413141867091

123 dickylongcocking the Stinger (level 5, -14/31 HPs)
             Began as an Octopode Venom Mage on Jan 11, 2021.
             Demolished by an orc warrior
             ... wielding a +0 trident
              (18 damage)
             ... on level 3 of the Dungeon.
             The game lasted 00:01:39 (1940 turns).

dickylongcocking the Stinger (Octopode Venom Mage)  Turns: 1940, Time: 00:01:40

Health: -14/31     AC:  1    Str:  7    XL:     5   Next: 7%
Magic:  8/8        EV: 13    Int: 18    God:
Gold:   45         SH:  0    Dex: 13    Spells: 7/8 levels left

rFire    + . .     SeeInvis .   g - +2 dagger (elec)
rCold    . . .     Faith    .   (no shield)
rNeg     . . .     Spirit   .   (helmet restricted)
rPois    .         Reflect  .   (no amulet)
rElec    .         Harm     .   a - +4 ring of slaying
rCorr    .         Rampage  .   k - ring of protection from fire
Will     .....                  (no ring)
Stlth    +++.......             (no ring)
HPRegen  0.10/turn              (no ring)
MPRegen  0.11/turn              (no ring)
                                (no ring)
                                (no ring)

@: no status effects
A: almost no armour, stealthy swim, amphibious, 8 rings, constrict 8, camouflage
1, gelatinous body 1
a: no special abilities


You were on level 3 of the Dungeon.
You visited 1 branch of the dungeon, and saw 3 of its levels.

You collected 45 gold pieces.

Inventory:

Hand Weapons
 b - a +0 dagger
 g - a +2 dagger of electrocution (weapon)
Jewellery
 a - a +4 ring of slaying (left tentacle)
 k - a ring of protection from fire (right tentacle)
 m - an uncursed ring of fire
Scrolls
 c - 3 scrolls of remove curse {unknown}
 e - 2 scrolls of immolation {unknown}
 f - 2 scrolls of identify {unknown}
 i - a scroll of enchant weapon {unknown}
 l - a scroll of enchant armour {unknown}
 n - 2 scrolls of teleportation {unknown}
 q - a scroll of blinking {unknown}
Potions
 d - 2 potions of lignification {unknown}
 h - 2 potions of flight {unknown}
 j - 2 potions of curing {unknown}
 o - a potion of attraction {unknown}
 p - a potion of brilliance {unknown}


   Skills:
 * Level 2.3 Short Blades
 - Level 2.0 Dodging
 * Level 3.8 Stealth
 - Level 2.0 Spellcasting
 - Level 1.0 Transmutations
 * Level 5.4 Poison Magic


You had 7 spell levels left.
You knew the following spells:

 Your Spells              Type           Power        Failure   Level
a - Sting                 Tmut/Pois      52%          4%          1

Your spell library contained the following spells:

 Spells                   Type           Power        Failure   Level
 Poisonous Vapours        Pois/Air       22%          9%          2
 Olgreb's Toxic Radiance  Pois           21%          21%         4
 Ignite Poison            Fire/Tmut/Pois 9%           22%         3
 Mephitic Cloud           Conj/Pois/Air  8%           26%         3


Dungeon Overview and Level Annotations

Branches:
Dungeon (3/15)

Altars:
Wu Jian


Innate Abilities, Weirdness & Mutations

You cannot wear most types of armour.
You are very stealthy in the water. (Stealth+)
You are amphibious.
You can wear up to eight rings at the same time.
You can use your tentacles to constrict eight enemies at once.
Your skin changes colour to match your surroundings (Stealth+).
Your rubbery body absorbs attacks. (AC +1, EV +1)


Message History

The orc priest shouts!
The orc shouts!
An orc warrior comes into view. It is wielding a +0 trident.
The orc priest mumbles some strange prayers to Beogh against you.
Pain shoots through your body!
The orc warrior shouts!
You hit the orc. Lightning courses through the orc!
You kill the orc!
The orc priest looks encouraged for a moment.
Unknown command.
The orc warrior hits you from afar with a +0 trident!
There is an open door here.
You close the door.
An orc warrior opens the door.
The orc priest calls down the wrath of Beogh upon you.
Beogh smites you!
* * * LOW HITPOINT WARNING * * *
There is a stone staircase leading up here.
The orc warrior hits you from afar with a +0 trident!!
Ouch! That really hurt!
You die...

#+## ##...##
##.....##.#
##.......#.#
#..........#
+..........#
#@.........#
##.......#
##o....##
##o..##
##'#######
#.....).#
#.#####.#
##o##.oo ..
##...#.##.###


You could see an orc warrior and an orc priest.

Vanquished Creatures
  An orc priest (D:3)
  3 adders (D:2)
  3 oozes
  A worm (D:2)
  3 dart slugs
  A leopard gecko (D:2)
  2 orcs
  5 goblins
  3 hobgoblins (D:1)
  3 jackals (D:1)
  A quokka (D:2)
  A ball python (D:1)
  5 bats
  3 frilled lizards
  5 kobolds
  8 rats
48 creatures vanquished.

Notes
Turn   | Place    | Note
-------+----------+-------------------------------------------
     0 | D:1      | dickylongcocking the Octopode Venom Mage began the quest
                  | for the Orb.
     0 | D:1      | Reached XP level 1. HP: 11/11 MP: 3/3
   283 | D:1      | Reached skill level 4 in Poison Magic
   383 | D:1      | Reached XP level 2. HP: 17/17 MP: 5/5
   503 | D:1      | Reached skill level 1 in Short Blades
   503 | D:1      | Reached XP level 3. HP: 21/21 MP: 6/6
   824 | D:2      | Reached skill level 5 in Poison Magic
  1182 | D:2      | Found an ornate altar of the Wu Jian Council.
  1202 | D:2      | Reached XP level 4. HP: 27/27 MP: 7/7
  1919 | D:3      | Reached XP level 5. HP: 31/31 MP: 8/8
  1927 | D:3      | Noticed an orc warrior
  1940 | D:3      | Demolished by an orc warrior

Illustrated notes

Levels and vault maps discovered:
D:1:      saegor_arrival_simple_d, layout_basic, chequers_garden
D:2:      layout_basic, nzn_wu_jian_contemplation
D:3:      minmay_razor_zed, layout_loops_corners, minmay_between, uniq_terence,
          uniq_natasha

Skill      XL: |  1  2  3  4 |
---------------+-------------+-----
Poison Magic   | 4 5 |  5.4
Short Blades   | 1 2 |  2.3
Stealth        | 3 |  3.8
Dodging        | |  2.0
Spellcasting   | |  2.0
Transmutations | |  1.0

Action                   |  1- 3 |  4- 6 || total
-------------------------+-------+-------++-------
Melee: Dagger            |    43 |    22 ||    65
       Unarmed           |     4 |       ||     4
       Constrict         |    10 |     4 ||    14
       Tentacles         |     1 |       ||     1
 Cast: Sting             |     5 |       ||     5
 Stab: Sleeping          |     8 |     6 ||    14
Armor: Skin              |     3 |     1 ||     4
Dodge: Dodged            |    18 |    11 ||    29

Table legend: (Time is in decaauts)
 A = Elapsed time spent in this place.
 B = Non-inter-level travel time spent in this place.
 C = Inter-level travel time spent in this place.
 D = Time resting spent in this place.
 E = Time spent auto-exploring this place.
 F = Levels seen in this place.
 G = Mean time per level.
                   A        B        C        D        E       F      G
               +--------+--------+--------+--------+--------+-----+--------+
         Total |   1931 |   1873 |     58 |    346 |   1203 |   3 |  643.7 |
       Dungeon |   1931 |   1873 |     58 |    346 |   1203 |   3 |  643.7 |
               +--------+--------+--------+--------+--------+-----+--------+

Top non-repeatable levels by time:
     D:2: 1180 daAuts
     D:1: 719 daAuts
     D:3: 31 daAuts
